 Dungeon Crawl Stone Soup version 0.31-a0-960-g0fca184906 (webtiles) character file.

Game seed: 18036279144483903290

15923 retardedninja the Destroyer (level 12, -1/76 HPs)
             Began as a Gargoyle Fire Elementalist on Oct 23, 2023.
             Was a Believer of Vehumet.
             Slain by a demonic crawler (2 damage)
             ... on level 1 of the Lair of Beasts.
             The game lasted 00:31:10 (17540 turns).

retardedninja the Destroyer (GrFE)                 Turns: 17540, Time: 00:31:11

Health: -1/76      AC: 18    Str: 12    XL:     12   Next: 32%
Magic:  33/33      EV: 12    Int: 21    God:    Vehumet [**....]
Gold:   703        SH:  0    Dex: 10    Spells: 16/28 levels left

rFire   . . .        p - +2 halberd (heavy)
rCold   . . .        (shield currently unavailable)
rNeg    + . .        a - +1 robe
rPois   ∞            (no helmet)
rElec   +            C - +0 cloak
rCorr   .            e - +0 pair of gloves
SInv    .            t - +0 pair of boots
Will    .....        c - amulet of the acrobat
Stlth   ++           d - ring of magical power
HPRegen 0.32/turn    v - +4 ring of protection
MPRegen 0.23/turn

%: acrobat
@: no status effects
A: sickness immunity, AC +8, negative energy resistance 1, electricity
resistance, torment resistance 1, petrification resistance
a: Renounce Religion


You were on level 1 of the Lair of Beasts.
You worshipped Vehumet.
Vehumet was pleased with you.
You visited 3 branches of the dungeon, and saw 13 of its levels.

You collected 703 gold pieces.

Inventory:

Hand Weapons
 p - a +2 heavy halberd (weapon)
Missiles
 m - a throwing net
Armour
 a - a +1 robe (worn)
 e - a +0 pair of gloves (worn)
 t - a +0 pair of boots (worn)
 C - a +0 cloak (worn)
Jewellery
 c - an amulet of the acrobat (around neck)
 d - a ring of magical power (left hand)
 v - a +4 ring of protection (right hand)
 A - a ring of resist corrosion
 B - an amulet of magic regeneration
 K - a ring of willpower
Talismans
 r - a serpent talisman
Wands
 q - a wand of roots (5)
Scrolls
 g - a scroll of vulnerability
 h - 2 scrolls of amnesia
 i - a scroll of fog
 o - a scroll of enchant armour
 u - a scroll of fear
 w - a scroll of immolation
 H - a scroll of enchant weapon
Potions
 b - a potion of magic
 f - 2 potions of cancellation
 k - a potion of resistance
 l - a potion of mutation
 n - 7 potions of curing
 s - a potion of might
 x - 2 potions of enlightenment
 z - 2 potions of attraction
 D - a potion of degeneration {unknown}
 E - a potion of berserk rage
Miscellaneous
 F - a lightning rod (2/4)


   Skills:
 + Level 9.6 Fighting
 - Level 1.8 Dodging
 - Level 2.5 Stealth
 + Level 8.5 Spellcasting
 + Level 9.8 Conjurations
 + Level 9.4 Fire Magic
 + Level 7.3 Air Magic


You had 16 spell levels left.
You knew the following spells:

 Your Spells              Type           Power      Damage    Failure   Level
a - Foxfire               Conj/Fire      100%       2x1d9     1%          1
b - Scorch                Fire           96%        2d9       1%          2
c - Flame Wave            Conj/Fire      49%        2d12      1%          4
d - Fireball              Conj/Fire      24%        3d11      4%          5

Your spell library contained the following spells:

 Spells                   Type           Power      Damage    Failure   Level
 Searing Ray              Conj           100%       2d8       1%          2
 Magic Dart               Conj           100%       1d8       1%          1
 Sticky Flame             Conj/Fire      49%        2d7       1%          4
 Mephitic Cloud           Conj/Pois/Air  33%        N/A       2%          3
 Inner Flame              Hex/Fire       28%        N/A       3%          3
 Volatile Blastmotes      Fire/Tloc      56%        2d14      3%          3
 Summon Small Mammal      Summ           32%        N/A       8%          1
 Call Imp                 Summ           16%        N/A       12%         2
 Lesser Beckoning         Tloc           16%        N/A       12%         2
 Passwall                 Tmut/Erth      6%         N/A       12%         2
 Call Canine Familiar     Summ           8%         N/A       22%         3
 Gell's Gravitas          Tloc           8%         N/A       22%         3
 Summon Guardian Golem    Hex/Summ       8%         N/A       22%         3
 Teleport Other           Tloc           8%         N/A       22%         3
 Starburst                Conj/Fire      24%        6d8       22%         6
 Irradiate                Conj/Tmut      14%        3d16      28%         5
 Plasma Beam              Fire/Air       22%        2x1d34    36%         6
 Malign Gateway           Summ/Tloc      4%         N/A       100%        7
 Ignition                 Fire           24%        3d8       100%        8
 Summon Horrible Things   Summ           4%         N/A       100%        8


Dungeon Overview and Level Annotations

Branches:
Dungeon (10/15)            Temple (1/1) D:6            Lair (2/5) D:10
    Orc (0/2) D:10
  Swamp: Lair:2-3    Shoals: Lair:2-3     Snake: Lair:2-3    Spider: Lair:2-3

Altars:
Ashenzari
Cheibriados
Dithmenos
Elyvilon
Fedhas
Gozag
Hepliaklqana
Kikubaaqudgha
Makhleb
Nemelex Xobeh
Okawaru
Qazlal
Ru
Sif Muna
Trog
Uskayaw
Vehumet
Wu Jian
Xom
Yredelemnul
Zin
The Shining One

Shops:
D:1 (   D:2 ?=   D:6 =   D:8 ?**

Annotations:
Lair:1 exclusion: oklob plant


Innate Abilities, Weirdness & Mutations

You are immune to sickness and miasma.
Your stone body is resilient. (AC +8)
You are immune to poison.
You resist negative energy. (rN+)
You are resistant to electric shocks. (rElec)
You are resistant to unholy torment.
You are immune to petrification.


Message History

The demonic crawler completely misses you. x2
There is a stone staircase leading up here.
The demonic crawler hits you but does no damage. x2
The demonic crawler closely misses you.
You climb upwards.
Level annotation: exclusion: oklob plant
There is a stone staircase leading down here.
Aiming: Thunderbolt
Press: ? - help, Q - select action, (/) - cycle Shift-Dir - straight line, f - demonic crawler
Aim: a demonic crawler The thunderbolt hits the demonic crawler!
The demonic crawler is moderately wounded.
The demonic crawler misses you. The demonic crawler hits you.
The demonic crawler barely misses you.
The demonic crawler hits you but does no damage.
The demonic crawler hits you! x2
* * * LOW HITPOINT WARNING * * *
Unknown command.
You feel better. The demonic crawler hits you.
* * * LOW HITPOINT WARNING * * *
The demonic crawler barely misses you.
The demonic crawler hits you but does no damage.
You feel better. The demonic crawler hits you.
The demonic crawler hits you but does no damage.
The demonic crawler hits you!
* * * LOW HITPOINT WARNING * * *
Aiming: Quicksilver Bolt
Press: ? - help, Q - select action, (/) - cycle Shift-Dir - straight line, f/p - demonic crawler
Aim: a demonic crawler (86% to hit)
The bolt of dispelling energy hits the demonic crawler!
The demonic crawler is moderately wounded.
The now-empty wand crumbles to dust.
The demonic crawler hits you!
* * * LOW HITPOINT WARNING * * *
The demonic crawler hits you but does no damage.
The demonic crawler hits you.
* * * LOW HITPOINT WARNING * * *
The demonic crawler hits you but does no damage.
The demonic crawler hits you.
You die...

##.###########.#P##############P#
.................................
....................##P#'P#......
#......#.###+.#....#####'##......
.+.................##....##....÷.
.#............#....##....##...=÷.
.......#...........##....##...÷..
.#............÷.s..##....##......
(......#........@..####P###......
##.....#...........########......
.......##.#......................
.................................
..........b......................
.................................
.................................
.......#.......$.................
..............PPP........###.....


You could see a demonic crawler.

Vanquished Creatures
  3 two-headed ogres
  A cyclops (D:10)
  3 elephants
  A black mamba (Lair:1)
  2 cane toads (Lair:1)
  Jeremiah (D:6)
  3 komodo dragons (Lair:1)
  A hornet (D:9)
  8 blink frogs (Lair:1)
  Grinder (D:4)
  2 raiju (D:9)
  A slime creature (D:7)
  A wraith (D:7)
  A wyvern (D:7)
  9 yaks
  3 basilisks
  A steam dragon (D:6)
  Edmund (D:6)
  7 water moccasins
  8 orc warriors
  4 black bears
  An ice beast (D:6)
  3 centaurs (D:7)
  4 ogres
  3 phantoms
  3 kobold brigands
  4 bullfrogs
  4 scorpions
  7 wights
  2 gnoll sergeants
  7 killer bees
  2 howler monkeys
  10 electric eels
  6 hounds
  12 orc priests
  A jelly (D:6)
  5 sleepcaps
  Jessica (D:3)
  Natasha (thrice) (D:3)
  3 iguanas
  8 orc wizards
  6 hell rats (Lair:1)
  3 adders
  13 gnolls
  2 white imps (D:6)
  3 worms
  A dart slug (D:3)
  64 orcs
  8 endoplasms
  6 giant cockroaches
  6 goblins
  9 hobgoblins
  3 quokkas
  5 ball pythons
  5 bats
  15 kobolds
  5 rats
  A butterfly (Lair:1)
306 creatures vanquished.

Vanquished Creatures (collateral kills)
  4 foxfires
4 creatures vanquished.

Vanquished Creatures (others)
  874 foxfires
874 creatures vanquished.

Grand Total: 1184 creatures vanquished

Notes
Turn   | Place    | Note
-------+----------+-------------------------------------------
     0 | D:1      | retardedninja the Gargoyle Fire Elementalist began the
                  | quest for the Orb.
     0 | D:1      | Reached XP level 1. HP: 10/10 MP: 3/3
   122 | D:1      | Found a faded altar of an unknown god.
   374 | D:1      | Reached XP level 2. HP: 15/15 MP: 0/5
   670 | D:1      | Found Edwuynea's Weapon Boutique.
  1422 | D:2      | Learned a level 2 spell: Scorch
  1617 | D:2      | Found Egeamu's Magic Scroll Shop.
  1642 | D:2      | Reached XP level 3. HP: 19/19 MP: 6/6
  2067 | D:2      | Reached XP level 4. HP: 14/24 MP: 7/7
  2468 | D:2      | Found Kiam's Jewellery Shop.
  2791 | D:3      | Noticed Natasha
  2799 | D:3      | Killed Natasha
  2800 | D:3      | Reached skill level 1 in Fighting
  2874 | D:3      | Noticed Jessica
  2895 | D:3      | Reached skill level 1 in Air Magic
  2938 | D:3      | Reached XP level 5. HP: 29/29 MP: 5/9
  2943 | D:3      | Killed Jessica
  3443 | D:3      | Noticed Natasha
  3447 | D:3      | Killed Natasha
  3555 | D:3      | Noticed Natasha
  3559 | D:3      | Killed Natasha
  3915 | D:4      | Noticed an ogre
  3920 | D:4      | Killed an ogre
  3921 | D:4      | Reached XP level 6. HP: 36/36 MP: 8/10
  4368 | D:4      | Reached XP level 7. HP: 40/40 MP: 7/12
  4578 | D:4      | Found a sacrificial altar of Ru.
  4772 | D:4      | Noticed Grinder
  4780 | D:4      | Killed Grinder
  5076 | D:5      | Entered Level 5 of the Dungeon
  5117 | D:4      | Reached XP level 8. HP: 22/48 MP: 1/14
  5442 | D:4      | Learned a level 4 spell: Flame Wave
  5483 | D:5      | Reached skill level 5 in Fire Magic
  5706 | D:5      | Found a white marble altar of Elyvilon.
  5817 | D:5      | Found an ornate altar of the Wu Jian Council.
  5988 | D:5      | Found an iron altar of Okawaru.
  6308 | D:6      | Found a staircase to the Ecumenical Temple.
  6869 | D:6      | Noticed Jeremiah
  7410 | D:6      | Killed Jeremiah
  7411 | D:6      | Reached skill level 5 in Fighting
  7411 | D:6      | Reached skill level 5 in Conjurations
  7770 | Temple   | Entered the Ecumenical Temple
  7837 | D:6      | Reached XP level 9. HP: 54/54 MP: 16/16
  7899 | D:6      | Reached skill level 5 in Spellcasting
  8354 | D:6      | Noticed Edmund
  8366 | D:6      | Killed Edmund
  8672 | D:6      | Found Nonisapo's Jewellery Shop.
  9065 | D:7      | Found a glowing golden altar of the Shining One.
  9587 | D:7      | Reached XP level 10. HP: 59/61 MP: 18/18
  9778 | D:7      | Reached skill level 5 in Air Magic
  9988 | D:7      | Found a shadowy altar of Dithmenos.
 11239 | D:8      | Found an ancient bone altar of Kikubaaqudgha.
 11248 | D:8      | Found a hazy altar of Hepliaklqana.
 11288 | D:8      | Found Orrain's General Store.
 11430 | D:8      | Found Talaosk's Magic Scroll Emporium.
 11600 | D:8      | Found a radiant altar of Vehumet.
 11640 | D:8      | Became a worshipper of Vehumet
 11676 | D:8      | Found Xurghiyda's Assorted Antiques.
 12076 | D:9      | Noticed a two-headed ogre
 12081 | D:9      | Killed a two-headed ogre
 12418 | D:9      | Found a broken altar of Ashenzari.
 12418 | D:9      | Found a snail-covered altar of Cheibriados.
 12538 | D:9      | Noticed a two-headed ogre
 12547 | D:9      | Killed a two-headed ogre
 12548 | D:9      | Reached XP level 11. HP: 63/68 MP: 21/21
 12897 | D:9      | Reached * piety under Vehumet
 12897 | D:9      | Offered knowledge of Shock by Vehumet.
 13277 | D:10     | Entered Level 10 of the Dungeon
 13430 | D:10     | Noticed a cyclops
 13439 | D:10     | Killed a cyclops
 13608 | D:10     | Found a staircase to the Lair.
 13698 | D:10     | Found a burning altar of Makhleb.
 13698 | D:10     | Noticed a blizzard demon
 13727 | D:10     | Noticed a two-headed ogre
 13742 | D:10     | Killed a two-headed ogre
 13770 | D:10     | Found a stormy altar of Qazlal.
 14280 | D:10     | Offered knowledge of Poisonous Vapours by Vehumet.
 14280 | D:10     | Reached ** piety under Vehumet
 14751 | D:10     | Found a staircase to the Orcish Mines.
 15048 | D:10     | Identified a scroll of acquirement
 15048 | D:10     | Identified the "Cuecig" (You acquired it on level 10 of
                  | the Dungeon)
 15048 | D:10     | Acquired retardedninja's Cyclopedia of Mutagenic Phlogiston
 15056 | D:10     | Learned a level 5 spell: Fireball
 15154 | Lair:1   | Entered Level 1 of the Lair of Beasts
 15936 | Lair:1   | Noticed an oklob plant
 15957 | Lair:1   | Reached XP level 12. HP: 60/76 MP: 24/24
 16382 | Lair:1   | Offered knowledge of Searing Ray by Vehumet.
 17194 | Lair:2   | Noticed a demonic crawler
 17540 | Lair:1   | HP: 1/76 [demonic crawler (6)]
 17540 | Lair:1   | Slain by a demonic crawler

Illustrated notes

Levels and vault maps discovered:
D:1:      erik_arrival_triangle_large, layout_loops_cross,
          chequers_ecumenical_altar_island, serial_shops,
          nicolae_shop_advertising_works [nicolae_subvault_shop_adworks],
          minivault_11
D:2:      minmay_chambers_of_twos, layout_basic, serial_shops,
          nicolae_shop_statue_plus, shop
D:3:      layout_loops_corners, uniq_natasha, uniq_jessica
D:4:      layout_gridville, nicolae_ru_sacrificial_ziggurat, uniq_grinder
D:5:      layout_cave_pools, okawaru_trees_1,
          mainiacjoe_overflow_concentric_impassable, elyvilon_altar_3,
          minmay_misc_feat_five, chequers_serial_rivers_micro_b
D:6:      layout_gridville, minmay_temple_entry_junction, serial_shops,
          nicolae_shop_tiny_waterfront, minmay_circle_x, uniq_edmund,
          uniq_jeremiah
D:7:      layout_loops_ring, mainiacjoe_overflow_cross_hatched,
          mainiacjoe_overflow_alcove_1, serial_bayou, serial_bayou_shore_a,
          serial_bayou_pond_b, serial_bayou_lagoon_a, serial_bayou_shore_b,
          hangedman_abyss_or_decor_slice, minmay_shattered_shrine
D:8:      layout_loops_ring, vehumet_crystals, mainiacjoe_overflow_swirl,
          serial_shops, shop, kennysheep_mini, nicolae_shop_tiny_glass,
          special_room [special_room_orc], minivault_14,
          nicolae_nh_ransacked_shop
D:9:      layout_long_grid, jmf_multi_god_temple, nicolae_have_a_lightning_rod
D:10:     layout_gridville, makhleb_altar_promises_db,
          nicolae_qazlal_general_emergency, david_lair_generic, david_orc_5,
          minivault_14, serial_bayou_ford_a
Temple:   hellmonk_temple_beads
Lair:1:   layout_regular_city, minmay_lair_oklob_bushes, lemuel_fruit_fields
Lair:2:   layout_long_grid, guppyfry_snake_entry_garden, worms_lemuel,
          lemuel_fruit_tree

Skill      XL: |  1  2  3  4  5  6  7  8  9 10 11 |
---------------+----------------------------------+-----
Conjurations   | 2 3 4 5 6 8 9 |  9.8
Fighting       | 1 2 3 5 6 7 9 |  9.6
Air Magic      | 1 2 3 4 6 7 |  7.3
Spellcasting   | 3 4 5 7 8 |  8.5
Fire Magic     | 4 5 6 8 9 |  9.4
Dodging        | |  1.8
Stealth        | |  2.5

Action                     |  1- 3 |  4- 6 |  7- 9 | 10-12 || total
---------------------------+-------+-------+-------+-------++-------
  Melee: Unarmed           |     1 |       |       |       ||     1
         Halberd           |       |     3 |     2 |    11 ||    16
   Cast: Foxfire           |   109 |    75 |   114 |   231 ||   529
         Scorch            |     2 |    33 |   100 |   109 ||   244
         Flame Wave        |       |       |     9 |    27 ||    36
         Fireball          |       |       |       |     6 ||     6
  Evoke: Wand              |       |       |       |     5 ||     5
         Lightning rod     |       |       |       |     4 ||     4
    Use: Scroll            |       |     5 |     5 |    15 ||    25
         Potion            |       |       |     1 |     6 ||     7
 Armour: Robe              |    17 |     9 |   115 |   208 ||   349
  Dodge: Dodged            |    24 |    14 |   125 |   308 ||   471

Table legend: (Time is in decaauts)
 A = Elapsed time spent in this place.
 B = Non-inter-level travel time spent in this place.
 C = Inter-level travel time spent in this place.
 D = Time resting spent in this place.
 E = Time spent auto-exploring this place.
 F = Levels seen in this place.
 G = Mean time per level.
                   A        B        C        D        E       F      G
               +--------+--------+--------+--------+--------+-----+--------+
         Total |  17632 |  17048 |    584 |   4358 |  10102 |  13 | 1356.3 |
       Dungeon |  15459 |  14881 |    578 |   3506 |   9137 |  10 | 1545.9 |
        Temple |      1 |      1 |      0 |      0 |      0 |   1 |    1.0 |
          Lair |   2170 |   2164 |      6 |    852 |    965 |   2 | 1085.0 |
               +--------+--------+--------+--------+--------+-----+--------+

Top non-repeatable levels by time:
  Lair:1: 1944 daAuts
     D:7: 1926 daAuts
     D:5: 1919 daAuts
    D:10: 1818 daAuts
     D:4: 1749 daAuts
     D:9: 1553 daAuts
     D:6: 1505 daAuts
     D:2: 1368 daAuts
     D:1: 1270 daAuts
     D:3: 1199 daAuts
     D:8: 1147 daAuts
  Lair:2: 226 daAuts
  Temple: 1 daAuts
